 Dungeon Crawl Stone Soup version 0.21.1-1-g345015f (webtiles) character file.

31 letownia2 the Poker (level 3, 0/27 HPs)
             Began as a Merfolk Skald on Mar 12, 2018.
             Succumbed to an adder's poison
             ... on level 4 of the Dungeon.
             The game lasted 00:01:46 (301 turns).

letownia2 the Poker (Merfolk Skald)                  Turns: 301, Time: 00:01:47

Health: 0/27       AC:  3    Str: 11    XL:     3   Next: 22%
Magic:  5/6        EV: 12    Int: 13    God:
Gold:   23         SH:  0    Dex: 13    Spells: 3/6 levels left

rFire    . . .     SeeInvis .   a - +1 spear
rCold    . . .     Gourm    .   (no shield)
rNeg     . . .     Faith    .   b - +0 leather armour
rPois    .         Spirit   .   (no helmet)
rElec    .         Reflect  .   (no cloak)
rCorr    .         Harm     .   (no gloves)
MR       .....     Rnd*Tele +   (no boots)
Stlth    +.........             (no amulet)
HPRegen  0.09/turn              i - ring of teleportation (curse)
MPRegen  0.10/turn              (no ring)

@: lethally poisoned (0 -> -2)
A: change form in water, swift swim, stealthy swim
a: no special abilities


You were on level 4 of the Dungeon.
You were not hungry.

You visited 1 branch of the dungeon, and saw 4 of its levels.

You collected 23 gold pieces.

Inventory:

Hand Weapons
 a - a +1 spear (weapon)
 g - a +0 hunting sling
Armour
 b - a +0 leather armour (worn)
Jewellery
 i - a cursed ring of teleportation (left hand)
Scrolls
 h - a scroll of remove curse {unknown}
 j - a scroll of identify {unknown}
 k - a scroll of teleportation {unknown}
Books
 c - a book of Battle

   Spells                             Type                      Level
   a - Infusion                       Charms                       1
   b - Shroud of Golubria             Charms/Translocation         2
   c - Song of Slaying                Charms                       2
   d - Spectral Weapon                Hexes/Charms                 3
   e - Regeneration                   Charms/Necromancy            3
Comestibles
 d - 3 rations


   Skills:
 - Level 2.1 Fighting
 - Level 4.0 Polearms
 - Level 0.6 Armour
 - Level 2.6 Dodging
 - Level 2.0 Spellcasting
 - Level 3.2 Charms
 + Level 1.6 Translocations


You had 3 spell levels left.
You knew the following spells:

 Your Spells              Type           Power        Failure   Level  Hunger
a - Infusion              Chrm           #...         9%          1    ##.....
t - Shroud of Golubria    Chrm/Tloc      #.........   19%         2    ###....


Dungeon Overview and Level Annotations

Branches:
Dungeon (4/15)
 Temple: D:4-7

Altars:


Message History

The orc closely misses you.
Unknown command.
The giant cockroach barely misses you.
* * * LOW HITPOINT WARNING * * *
You feel sick.
* * * LOW HITPOINT WARNING * * *
You feel sick.
You aren't carrying any potions.
Unknown command.
As you read the scroll labeled AHUUQE PAPUKURGH, it crumbles to dust.
It is a scroll of enchant weapon.
Your +0 spear glows red for a moment.
The giant cockroach closely misses you. x2
As you read the scroll labeled WIS PUXKUSORGH, it crumbles to dust.
The scroll dissolves into smoke.
It was a scroll of fog.
The orc hits you but does no damage. The giant cockroach bites you.
* * * LOW HITPOINT WARNING * * *
Unknown command.
The orc hits you but does no damage.
The giant cockroach bites you but does no damage.
You die...

##.# #..# #..#
##### #..# #ยงยง.#
#..#
##o#.####..#######
#@sSo.............
####.o..........#
#######.#......
#..#.##### #..#.#
#..#.# .....#
###.### #..


You could see an adder, an orc and a giant cockroach.

Vanquished Creatures
  An adder (D:3)
  A dart slug (D:1)
  2 leopard geckos (D:1)
  A giant cockroach (D:1)
  4 goblins (D:1)
  A hobgoblin (D:1)
  A kobold (D:1)
  3 bats (D:1)
  A frilled lizard (D:1)
  2 rats (D:1)
17 creatures vanquished.

Notes
Turn   | Place    | Note
-------+----------+-------------------------------------------
     0 | D:1      | letownia2 the Merfolk Skald began the quest for the Orb.
     0 | D:1      | Reached XP level 1. HP: 16/16 MP: 3/3
    41 | D:1      | Reached skill level 4 in Polearms
    41 | D:1      | Reached XP level 2. HP: 22/22 MP: 0/5
    50 | D:1      | Learned a level 2 spell: Shroud of Golubria
   160 | D:1      | Reached skill level 1 in Translocations
   276 | D:3      | Reached XP level 3. HP: 8/27 MP: 3/6
   299 | D:4      | HP: 1/27 [giant cockroach (1)]
   301 | D:4      | Succumbed to an adder's poison

Skill      XL: |  1  2 |
---------------+-------+-----
Polearms       | 4 |  4.0
Translocations | 1 |  1.6
Fighting       | |  2.1
Armour         | |  0.6
Dodging        | |  2.6
Spellcasting   | |  2.0
Charms         | |  3.2

Action                   || total
-------------------------++-------
Melee: Spear             ||    66
 Cast: Infusion          ||     2
       Shroud of Golubri ||     2
  Use: Scroll            ||     2
 Stab: Sleeping          ||     1
Armor: Leather armour    ||    20
Dodge: Dodged            ||    60
